Map: Dusk Towers

Players

MorroW - Winner!

  • Race: Protoss Protoss
  • League: Master

relmer

  • Race: Protoss Protoss
  • League: Master

Event: DreamHack ZOWIE Open Leipzig

VOD

Have the link to the VOD?

Description

Time

  • Played on: Jan. 22, 2016, 7:46 a.m.
  • Length: 11:36

All games in this series

Show
View Real Time Build Order
Export as new Build Order

MorroW Protoss - Winner!

Build Orders: Nexus First 

Get SALT Encoding   

  12  0:00  Probe (Chrono Boost)  
  13  0:11  Probe (Chrono Boost)  
  14  0:18  Pylon  
  14  0:22  Probe (Chrono Boost)  
  15  0:36  Probe (Chrono Boost)  
  16  0:46  Probe (Chrono Boost)  
  17  0:57  Nexus  
  17  1:01  Probe (Chrono Boost)  
  18  1:11  Probe (Chrono Boost)  
  18  1:14  Gateway  
  18  1:18  Assimilator  
  19  1:22  Probe (Chrono Boost)  
  20  1:26  Assimilator  
  20  1:32  Probe (Chrono Boost)  
  21  1:40  Pylon  
  21  1:43  Probe (Chrono Boost)  
  22  1:52  Gateway  
  23  1:54  Probe (Chrono Boost)  
  23  2:01  Cybernetics Core  
  23  2:06  Probe (Chrono Boost)  
  24  2:10  Probe (Chrono Boost)  
  25  2:16  Probe (Chrono Boost)  
  25  2:20  Probe (Chrono Boost)  
  27  2:27  Probe (Chrono Boost)  
  28  2:31  Probe (Chrono Boost)  
  29  2:37  Probe (Chrono Boost)  
  29  2:39  Warp Gate  
  29  2:40  Adept  
  29  2:41  Probe (Chrono Boost), Adept  
  35  2:49  Probe (Chrono Boost)  
  36  2:52  Probe (Chrono Boost)  
  36  2:58  Pylon  
  37  3:01  Mothership Core (Chrono Boost)  
  37  3:02  Probe (Chrono Boost)  
  40  3:07  Stalker x2  
  44  3:13  Probe (Chrono Boost)  
  44  3:19  Probe (Chrono Boost)  
  46  3:23  Probe (Chrono Boost)  
  47  3:28  Robotics Facility  
  47  3:30  Probe (Chrono Boost)  
  49  3:34  Probe (Chrono Boost)  
  49  3:38  Assimilator  
  49  3:40  Probe (Chrono Boost)  
  50  3:42  Pylon  
  50  3:44  Probe (Chrono Boost)  
  51  3:51  Probe (Chrono Boost)  
  51  3:54  Assimilator  
  51  3:55  Probe (Chrono Boost)  
  53  3:56  Pylon  
  53  4:01  Twilight Council, Probe (Chrono Boost)  
  54  4:06  Stalker x2, Probe (Chrono Boost)  
  59  4:12  Probe (Chrono Boost)  
  59  4:16  Probe (Chrono Boost)  
  61  4:19  Observer  
  61  4:20  Nexus  
  62  4:26  Probe (Chrono Boost)  
  62  4:27  Probe (Chrono Boost)  
  64  4:32  Pylon  
  64  4:36  Probe (Chrono Boost)  
  64  4:37  Probe (Chrono Boost)  
  66  4:43  Observer  
  66  4:47  Probe x2 (Chrono Boost), Blink (Chrono Boost)  
  66  4:52  Gateway  
  69  4:57  Gateway  
  69  4:58  Gateway  
  69  4:59  Gateway  
  65  5:02  Immortal  
  65  5:14  Sentry x2  
  71  5:18  Probe  
  71  5:19  Probe  
  75  5:23  Pylon  
  75  5:26  Pylon  
  75  5:34  Probe  
  75  5:35  Probe  
  75  5:36  Probe  
  75  5:41  Stalker, Immortal  
  75  5:42  Stalker, Dark Shrine  
  82  5:45  Probe  
  82  5:48  Probe x2  
  89  5:56  Probe  
  89  6:00  Probe x2  
  89  6:03  Stalker  
  89  6:04  Stalker x3  
  96  6:08  Probe  
  101  6:12  Probe x2  
  101  6:17  Stalker x2, Forge  
  107  6:26  Pylon  
  107  6:29  Pylon  
  107  6:30  Pylon  
  107  6:31  Pylon  
  107  6:32  Assimilator x2  
  107  6:35  Warp Prism  
  109  6:52  Stalker x6  
  121  6:58  Protoss Ground Weapons Level 1 (Chrono Boost)  
  121  7:00  Photon Cannon  
  121  7:02  Photon Cannon  
  121  7:04  Photon Cannon  
  121  7:05  Probe  
  121  7:07  Probe x2  
  124  7:16  Immortal  
  124  7:20  Dark Templar  
  124  7:21  Dark Templar  
  128  7:24  Stalker  
  128  7:25  Stalker x4  
  128  7:26  Stalker  
  140  7:34  Charge  
  140  7:43  Nexus  
  140  7:44  Pylon  
  140  7:46  Gateway  
  140  7:47  Gateway  
  140  7:51  Templar Archives  
  140  8:04  Pylon  
  140  8:05  Pylon  
  139  8:07  Dark Templar x2  
  139  8:09  Zealot x2  
  147  8:13  Pylon  
  151  8:31  Warp Prism  
  143  8:45  Zealot x6  
  149  9:01  Dark Templar x2  
  138  9:11  High Templar x3  
  138  9:12  High Templar  
  138  9:16  Immortal  
  150  9:17  Archon  
  150  9:18  Archon  
  150  9:26  Pylon, High Templar x2  
  150  9:27  Pylon  
  150  9:31  Archon  
  154  9:36  Photon Cannon  
  154  9:37  Photon Cannon  
  154  9:38  Photon Cannon  
  154  9:40  Robotics Facility, Assimilator  
  154  9:45  Zealot, Assimilator  
  154  9:46  Zealot x5  
  166  10:06  Pylon x2  
  166  10:07  Nexus, Pylon, High Templar x4  
  166  10:08  Zealot x4  
  166  10:12  Archon x2  
  173  10:18  Pylon  
  173  10:20  Pylon  
  173  10:21  Pylon  
  173  10:31  Immortal  
  181  10:37  Observer  
  178  10:43  High Templar x2  
  178  10:44  Zealot x4  
  178  10:45  Zealot x2  
  178  10:48  Archon  
  154  11:07  Zealot x6  
  130  11:27  High Templar x3  
  130  11:28  High Templar  
  130  11:29  Zealot x4  
  141  11:34  Archon  
  141  11:35  Archon  
Show
View Real Time Build Order
Export as new Build Order

relmer Protoss 

Build Orders: Nexus First, Oracle Opening 

Get SALT Encoding   

  12  0:01  Probe (Chrono Boost)  
  13  0:11  Probe (Chrono Boost)  
  14  0:20  Pylon  
  14  0:22  Probe (Chrono Boost)  
  15  0:38  Probe (Chrono Boost)  
  16  0:48  Probe (Chrono Boost)  
  17  1:00  Probe (Chrono Boost), Nexus  
  18  1:13  Gateway  
  18  1:15  Probe (Chrono Boost)  
  19  1:18  Assimilator  
  19  1:23  Assimilator  
  19  1:26  Probe (Chrono Boost)  
  20  1:36  Probe (Chrono Boost)  
  21  1:46  Gateway  
  21  1:47  Probe (Chrono Boost)  
  21  1:53  Pylon  
  22  1:58  Probe (Chrono Boost)  
  23  2:05  Cybernetics Core  
  23  2:13  Probe x2 (Chrono Boost)  
  25  2:23  Probe (Chrono Boost)  
  25  2:26  Probe (Chrono Boost)  
  27  2:34  Probe (Chrono Boost)  
  27  2:36  Probe (Chrono Boost)  
  29  2:40  Warp Gate  
  29  2:41  Stalker (Chrono Boost)  
  29  2:42  Stalker (Chrono Boost)  
  33  2:45  Probe  
  33  2:48  Probe (Chrono Boost)  
  35  2:53  Stargate  
  35  2:57  Probe (Chrono Boost)  
  36  3:00  Probe (Chrono Boost)  
  37  3:08  Mothership Core (Chrono Boost)  
  37  3:11  Probe (Chrono Boost)  
  40  3:13  Pylon  
  40  3:21  Probe (Chrono Boost)  
  42  3:27  Probe (Chrono Boost), Assimilator  
  42  3:31  Probe (Chrono Boost), Assimilator  
  43  3:36  Oracle (Chrono Boost)  
  43  3:37  Probe  
  43  3:41  Probe  
  47  3:46  Pylon  
  48  3:49  Probe  
  48  3:51  Probe  
  50  3:57  Pylon  
  50  4:01  Probe  
  50  4:02  Probe, Robotics Facility  
  52  4:13  Probe x2 (Chrono Boost)  
  54  4:21  Twilight Council  
  54  4:24  Probe (Chrono Boost)  
  54  4:25  Probe (Chrono Boost)  
  56  4:32  Nexus  
  56  4:35  Probe x2 (Chrono Boost)  
  56  4:46  Stalker, Probe x2 (Chrono Boost)  
  56  4:47  Stalker  
  56  4:51  Blink (Chrono Boost)  
  61  4:57  Probe (Chrono Boost)  
  61  4:58  Observer  
  63  5:07  Probe x2  
  65  5:19  Probe  
  66  5:22  Gateway x2, Pylon  
  66  5:24  Immortal (Chrono Boost)  
  70  5:30  Pylon  
  70  5:42  Gateway  
  70  5:46  Gateway  
  70  5:47  Gateway  
  70  5:48  Sentry x2  
  70  5:49  Probe  
  74  5:50  Probe x2  
  74  5:55  Pylon  
  77  5:59  Probe  
  77  6:03  Immortal (Chrono Boost)  
  81  6:06  Probe, Phoenix  
  81  6:10  Probe x2  
  85  6:18  Probe  
  87  6:19  Forge, Pylon  
  87  6:25  Probe  
  88  6:27  Stalker x3  
  88  6:28  Probe  
  88  6:30  Probe  
  96  6:34  Pylon, Charge  
  96  6:37  Assimilator  
  96  6:40  Assimilator  
  96  6:41  Phoenix  
  96  6:44  Observer (Chrono Boost)  
  99  6:47  Probe  
  99  6:49  Probe  
  99  6:51  Protoss Ground Weapons Level 1 (Chrono Boost)  
  99  6:53  Colossus  
  101  6:57  Probe  
  101  6:59  Probe  
  103  7:02  Probe, Pylon  
  103  7:03  Zealot x2  
  103  7:06  Phoenix  
  110  7:09  Probe  
  110  7:13  Probe  
  110  7:14  Probe  
  110  7:15  Immortal  
  113  7:18  Templar Archives  
  117  7:27  Pylon  
  117  7:29  Pylon  
  117  7:31  Zealot x3, Phoenix  
  122  7:39  Pylon  
  122  7:40  Pylon  
  122  7:42  Gateway  
  122  7:44  Gateway  
  122  7:49  Zealot x4  
  130  7:52  Pylon  
  130  7:54  Immortal  
  130  7:56  Phoenix  
  136  8:05  High Templar x2  
  136  8:06  Zealot  
  136  8:09  Gateway  
  136  8:10  Archon  
  142  8:13  Zealot, High Templar x2  
  142  8:14  Zealot  
  142  8:19  Archon  
  150  8:25  Gateway  
  150  8:26  Pylon  
  135  8:38  Probe x3  
  136  8:45  Zealot x7  
  150  8:50  Phoenix  
  146  8:56  Warp Prism  
  146  8:59  High Templar x2  
  148  9:06  Probe x2  
  150  9:10  Protoss Ground Weapons Level 2 (Chrono Boost)  
  150  9:12  Probe  
  150  9:13  Photon Cannon  
  151  9:17  Photon Cannon  
  151  9:19  Photon Cannon, Archon  
  151  9:21  Zealot x3  
  151  9:22  Zealot  
  159  9:30  Phoenix  
  161  9:31  Observer  
  162  9:38  Pylon  
  162  9:45  Nexus  
  162  9:50  High Templar  
  162  9:51  High Templar x3  
  168  9:55  Phoenix  
  168  9:56  Archon x2  
  170  10:14  Zealot x3  
  170  10:15  Zealot x2  
  170  10:20  Phoenix  
  180  10:22  Robotics Facility  
  180  10:37  Pylon  
  180  10:39  Pylon  
  180  10:41  Pylon  
  180  10:43  Pylon  
  180  10:49  Photon Cannon  
  180  10:50  Immortal  
  180  10:51  Robotics Bay  
  180  10:52  Photon Cannon  
  180  10:56  Zealot x2  
  180  11:03  High Templar x3  
  152  11:04  Zealot, High Templar  
  152  11:05  Zealot  
  141  11:11  Archon x2  
  141  11:17  Zealot  
  113  11:20  Zealot x2  
  113  11:21  Zealot  
  93  11:26  Zealot x3  

Tags
 
Add a new tag
Caveats
  • Supply blocks, unpowered buildings, or Contaminate may cause inaccurate times.
  • Supply counts are checked every 10 seconds.